 Dungeon Crawl Stone Soup version 0.21-a0-538-gd16b88a (webtiles) character file.

102 slep the Chopper (level 4, -1/34 HPs)
             Began as a Demonspawn Gladiator on Dec 16, 2017.
             Killed by divine providence
             ... invoked by an orc priest
              (13 damage)
             ... on level 3 of the Dungeon.
             The game lasted 00:03:01 (661 turns).

slep the Chopper (Demonspawn Gladiator)              Turns: 661, Time: 00:03:04

Health: -1/34      AC:  4    Str: 14    XL:     4   Next: 50%
Magic:  4/4        EV: 13    Int:  9    God:
Gold:   28         SH:  0    Dex: 16    Spells: 3/3 levels left

rFire    . . .     SeeInvis .   a - +0 war axe
rCold    + . .     Gourm    .   (no shield)
rNeg     . . .     Faith    .   b - +0 leather armour
rPois    .         Spirit   .   c - +0 helmet
rElec    .         Reflect  .   (no cloak)
rCorr    .         Harm     .   (no gloves)
MR       .....                  (no boots)
Stlth    +.........             i - amulet of regeneration
HPRegen  0.51/turn              (no ring)
MPRegen  0.09/turn              (no ring)

@: drained
A: hooves 1, cold resistance 1, freezing cloud immunity
a: no special abilities


You were on level 3 of the Dungeon.
You were not hungry.

You visited 1 branch of the dungeon, and saw 3 of its levels.

You collected 28 gold pieces.

Inventory:

Hand Weapons
 a - a +0 war axe (weapon)
Missiles
 d - 3 throwing nets (quivered)
 e - 12 poisoned needles
Armour
 b - a +0 leather armour (worn)
 c - a +0 helmet (worn)
Jewellery
 i - an amulet of regeneration (around neck)
Wands
 k - a wand of scattershot (3)
Scrolls
 j - a scroll of identify {unknown}
Comestibles
 f - a bread ration
 g - 2 fruits


   Skills:
 + Level 2.3(2.0) Fighting
 + Level 3.8(3.6) Axes
 + Level 2.0(1.7) Throwing
 + Level 1.0(0.7) Armour
 + Level 3.3(3.1) Dodging
 + Level 0.2(0.0) Stealth


You had 3 spell levels left.
You didn't know any spells.

Dungeon Overview and Level Annotations

Branches:
Dungeon (3/15)

Altars:

Annotations:
D:2 Jessica


Innate Abilities, Weirdness & Mutations

You have large cloven feet.
Your flesh is cold resistant. (rC+)
You are immune to freezing clouds.


Message History

The kobold is moderately wounded.
The kobold hits you but does no damage.
You slash the kobold!
You kill the kobold!
Items here: % )) [ a short sword; a leather armour; a flail; 3 chunks of flesh
There is a stone staircase leading down, spattered with blood here.
You climb downwards.
The orc hits you with a trident. x2
There is a stone staircase leading up here.
You barely miss the orc priest. Your kick misses the orc priest.
You hit the orc.
The orc priest invokes the aid of Beogh against you.
Beogh smites you! The orc barely misses you. The orc priest barely misses you.
You hit the orc priest.
The orc priest is moderately wounded.
You miss something. You hit the orc but do no damage. Something hits you.
You feel drained. The orc hits you with a trident. Something barely misses you.
The orc priest mumbles some strange prayers to Beogh against you.
Beogh smites you!
You die...

#..). #....
#..... .....>
......####
.........#
......o..#.####
.......@o......
......####.####
..... .... ###


You could see an orc priest and an orc.

Vanquished Creatures
  A howler monkey (D:2)
  An orc priest (D:2)
  An adder (D:2)
  A dart slug (D:1)
  A leopard gecko (D:2)
  4 orcs (D:2)
  A ball python (D:2)
  2 bats
  3 goblins
  3 frilled lizards
  2 kobolds (D:2)
  6 rats
26 creatures vanquished.

Notes
Turn   | Place    | Note
-------+----------+-------------------------------------------
     0 | D:1      | slep the Demonspawn Gladiator began the quest for the Orb.
     0 | D:1      | Reached XP level 1. HP: 16/16 MP: 1/1
   185 | D:1      | Gained mutation: Your flesh is cold resistant. (rC+) [demonic ancestry]
   185 | D:1      | Reached XP level 2. HP: 22/22 MP: 2/2
   202 | D:2      | Gained mutation: You are immune to freezing clouds. [demonic ancestry]
   202 | D:2      | Reached XP level 3. HP: 19/27 MP: 3/3
   221 | D:2      | Gained mutation: You have large cloven feet. [demonic ancestry]
   221 | D:2      | Reached XP level 4. HP: 13/33 MP: 4/4
   381 | D:2      | Noticed Jessica
   647 | D:2      | Reached skill level 1 in Armour
   661 | D:3      | Killed from afar by an orc priest

Vault maps used:
D:1:      dpeg_arrival_rooms_c, kennysheep_another_room
D:2:      minitemple, first_bread, minivault_24, uniq_sigmund, uniq_jessica

Skill      XL: |  1  2  3  4 |
---------------+-------------+-----
Axes           | 3 |  3.8
Dodging        | 3 |  3.3
Throwing       | 2 |  2.0
Armour         | 1 |  1.0
Fighting       | |  2.3
Stealth        | |  0.2

Action                   |  1- 3 |  4- 6 || total
-------------------------+-------+-------++-------
Melee: War axe           |    40 |    46 ||    86
       Kick              |       |     7 ||     7
 Stab: Sleeping          |     1 |       ||     1
Armor: Leather armour    |    12 |     9 ||    21
Dodge: Dodged            |    27 |    40 ||    67

Table legend:
 A = Spawn XP
 B = Non-spawn XP
 C = Spawn XP percentage of total XP
 D = Spawn monster count
 E = Non-spawn monster count
 F = Spawn count percentage of total count
 G = Total turns spent on level
                    A         B        C        D         E        F      G
               +---------+---------+-------+---------+---------+-------+---------
         Total |       0 |     147 |   0.0 |       0 |      26 |   0.0 |   661
               +---------+---------+-------+---------+---------+-------+---------
           D:1 |       0 |      12 |   0.0 |       0 |       7 |   0.0 |   188
           D:2 |       0 |     135 |   0.0 |       0 |      19 |   0.0 |   463
               +---------+---------+-------+---------+---------+-------+---------
